 Dungeon Crawl Stone Soup version 0.32-a0-575-gafe9d2b (webtiles) character file.

Game seed: 1874605149366965984

38 Dorkslayer the Trooper (level 3, -1/31 HPs)
             Began as a Demigod Fighter on Mar 1, 2024.
             Slain by a gnoll
             ... wielding a +0 halberd
              (7 damage)
             ... on level 2 of the Dungeon.
             The game lasted 00:01:57 (1130 turns).

Dorkslayer the Trooper (Demigod Fighter)            Turns: 1130, Time: 00:01:57

Health: -1/31      AC: 17    Str: 21    XL:     3   Next: 10%
Magic:  5/5        EV:  2    Int: 10    God:
Gold:   35         SH:  4    Dex: 13    Spells: 2/2 levels left

rFire   + .          .
                       - Unarmed
rCold   . . .        b - +0 buckler
rNeg    . . .        g - +0 crystal plate armour
rPois   .            (no helmet)
rElec   .            (no cloak)
rCorr   .            (no gloves)
SInv    +            f - +0 pair of boots
Will    .....        (no amulet) Stlth
                     d - ring of see invisible
HPRegen 0.25/turn    a - ring of protection from fire
MPRegen 0.09/turn

%: no passive effects
@: no status effects
A: high MP 1, forlorn, divine attributes
a: no special abilities


You were on level 2 of the Dungeon.
You visited 1 branch of the dungeon, and saw 2 of its levels.

You collected 35 gold pieces.

Inventory:

Armour
 b - a +0 buckler (worn)
 f - a +0 pair of boots (worn)
 g - a +0 crystal plate armour (worn)
Jewellery
 a - a ring of protection from fire (right hand)
 d - a ring of see invisible (left hand)
Potions
 c - a potion of might
 e - a potion of curing {unknown}


   Skills:
 + Level 3.0 Fighting
 + Level 3.0 Armour
 * Level 1.0 Dodging
 + Level 0.1 Stealth
 + Level 2.9 Shields
 * Level 2.2 Unarmed Combat


You had 2 spell levels left.
You didn't know any spells.
Your spell library contained the following spells:

 Spells                   Type           Power      Damage    Failure   Level
 Tukima's Dance           Hex            0%         N/A       100%        3
 Dimensional Bullseye     Hex/Tloc       0%         N/A       100%        4
 Iskenderun's Mystic Bla  Conj/Tloc      0%         2d3       100%        4


Dungeon Overview and Level Annotations

Branches:
Dungeon (2/15)


Innate Abilities, Weirdness & Mutations

You have an increased reservoir of magic. (+10% MP)
You shall have no god before yourself.
Your divine heritage dramatically boosts your attributes as you level up.


Message History

The endoplasm freezes you.
You are frozen.
You hit the endoplasm.
You kill the endoplasm!
A gnoll comes into view.
It is wielding a +0 halberd and quivering poisoned darts.
The gnoll shouts!
The gnoll throws a poisoned dart.
The poisoned dart hits you!
You are poisoned.
You feel sick.
A gnoll comes into view. It is wielding a +0 spear.
You feel sick.
The gnoll shouts!
You block the gnoll's attack.
You feel sick. The gnoll hits you but does no damage.
You feel sick. The gnoll hits you but does no damage.
You closely miss the gnoll.
You feel sick. The gnoll hits you but does no damage.
The gnoll hits you with a +0 halberd.
You hit the gnoll but do no damage.
You feel sick.
You are no longer poisoned.
The gnoll barely misses you.
The gnoll hits you from afar with a +0 spear.
You hit the gnoll but do no damage.
The gnoll hits you from afar with a +0 spear.
You block the gnoll's attack.
You hit the gnoll.
The gnoll is lightly wounded.
The gnoll hits you but does no damage. The gnoll hits you with a +0 halberd.
You hit the gnoll.
The gnoll is heavily wounded.
The gnoll hits you from afar with a +0 spear.
* * * LOW HITPOINT WARNING * * *
The gnoll hits you with a +0 halberd.
* * * LOW HITPOINT WARNING * * *
You hit the gnoll.
The gnoll is almost dead.
The gnoll hits you but does no damage. The gnoll barely misses you.
You completely miss the gnoll.
The gnoll is almost dead.
The gnoll hits you with a +0 halberd!
You die...

##### ..###...#
........## #....#
#....# # #....######
.#
####.........####.##
...........g........#
#####.......@.g.....#.
..$............._....
#######............#
.......<..#.....#
#.#########.#.####..#
#.......†...#+#####.#
##########.†.......
#......... #.........


You could see 2 gnolls.

Vanquished Creatures
  An adder (D:2)
  A dart slug (D:1)
  3 bats
  An endoplasm (D:2)
  3 giant cockroaches (D:1)
  A goblin (D:1)
  3 hobgoblins (D:1)
  3 jackals (D:1)
  2 quokkas (D:1)
  3 ball pythons (D:1)
  A frilled lizard (D:2)
  A rat (D:2)
23 creatures vanquished.

Notes
Turn   | Place    | Note
-------+----------+-------------------------------------------
     0 | D:1      | Dorkslayer the Demigod Fighter began the quest for the Orb.
     0 | D:1      | Reached XP level 1. HP: 18/18 MP: 3/3
   444 | D:1      | Reached XP level 2. HP: 25/25 MP: 4/4
  1080 | D:2      | Reached skill level 1 in Dodging
  1080 | D:2      | Reached XP level 3. HP: 27/31 MP: 5/5
  1130 | D:2      | Slain by a gnoll

Illustrated notes

Levels and vault maps discovered:
D:1:      psy_arrival_conway, layout_loops_corners, chequers_big_river,
          chequers_serial_rivers_micro_e, minmay_misc_feat_tower
D:2:      layout_basic, basic_altar, minmay_randomly_rotated_circles

Skill      XL: |  1  2 |
---------------+-------+-----
Unarmed Combat | 2 |  2.2
Fighting       | 3 |  3.0
Armour         | 3 |  3.0
Dodging        | 1 |  1.0
Stealth        | |  0.1
Shields        | |  2.9

Action                     || total
---------------------------++-------
  Melee: Unarmed           ||   131
 Armour: Scale mail        ||    38
         Crystal plate arm ||    98
  Dodge: Dodged            ||    33
  Block: Buckler           ||    33

Table legend: (Time is in decaauts)
 A = Elapsed time spent in this place.
 B = Non-inter-level travel time spent in this place.
 C = Inter-level travel time spent in this place.
 D = Time resting spent in this place.
 E = Time spent auto-exploring this place.
 F = Levels seen in this place.
 G = Mean time per level.
                   A        B        C        D        E       F      G
               +--------+--------+--------+--------+--------+-----+--------+
         Total |   1143 |   1143 |      0 |      0 |    698 |   2 |  571.5 |
       Dungeon |   1143 |   1143 |      0 |      0 |    698 |   2 |  571.5 |
               +--------+--------+--------+--------+--------+-----+--------+

Top non-repeatable levels by time:
     D:1: 1068 daAuts
     D:2: 75 daAuts
